 Dungeon Crawl Stone Soup version 0.29.1-15-g9cfb28693d (webtiles) character file.

Game seed: 1753864772568856221

51 Wiggles the Chopper (level 3, -3/31 HPs)
             Began as a Minotaur Berserker on Mar 28, 2023.
             Was a Follower of Trog.
             Slain by Natasha (7 damage)
             ... on level 2 of the Dungeon.
             The game lasted 00:01:21 (1074 turns).

Wiggles the Chopper (Minotaur Berserker)            Turns: 1074, Time: 00:01:22

Health: -3/31      AC:  2    Str: 23    XL:     3   Next: 58%
Magic:  2/2        EV: 12    Int:  4    God:    Trog [*.....]
Gold:   29         SH:  0    Dex:  9    Spells: 2/2 levels left

rFire   . . .      SeeInvis .   a - +0 hand axe
rCold   . . .      Faith    .   (no shield)
rNeg    . . .      Spirit   .   b - +0 animal skin
rPois   .          Reflect  .   (helmet restricted)
rElec   .          Harm     .   (no cloak)
rCorr   .          Rampage  .   (no gloves)
Will    .....                   (no boots)
Stlth   +.........              (no amulet)
HPRegen 0.10/turn               (no ring)
MPRegen 0.08/turn               (no ring)

@: no status effects
A: horns 2, retaliatory headbutt
a: Renounce Religion, Berserk


You were on level 2 of the Dungeon.
You worshipped Trog.
Trog was aware of your devotion.
You visited 1 branch of the dungeon, and saw 2 of its levels.

You collected 29 gold pieces.

Inventory:

Hand Weapons
 a - a +0 hand axe (weapon)
Armour
 b - a +0 animal skin (worn)
Scrolls
 e - a scroll of teleportation {unknown}
 f - a scroll of identify {unknown}
 g - a scroll of noise {unknown}
Potions
 c - a potion of brilliance {unknown}
 d - a potion of haste {unknown}


   Skills:
 - Level 3.6 Fighting
 + Level 5.5 Axes
 - Level 2.4 Armour
 - Level 2.1 Dodging
 + Level 0.3 Stealth


You had 2 spell levels left.
You didn't know any spells.
Your spell library was empty.

Dungeon Overview and Level Annotations

Branches:
Dungeon (2/15)

Altars:

Annotations:
D:2 Natasha


Innate Abilities, Weirdness & Mutations

You have a pair of horns on your head.
You reflexively headbutt those who attack you in melee.


Message History

The crimson imp disappears in a puff of smoke!
You have reached level 3!
Your experience leads to an increase in your attributes!
Increase (S)trength, (I)ntelligence, or (D)exterity?
You feel stronger. x2
You start resting.
Natasha, Servant of Life and Death comes into view.
She is carrying a wand of flame (13).
Natasha hisses angrily.
Natasha zaps a wand.
The puff of flame misses you.
You hit Natasha but do no damage. Your headbutt misses Natasha.
Natasha claws you.
You hit Natasha.
Natasha is lightly wounded.
Natasha closely misses you. You furiously retaliate!
You headbutt Natasha, but do no damage. You barely miss Natasha.
Natasha is lightly wounded.
Natasha claws you.
You barely miss Natasha.
Natasha is lightly wounded.
Natasha claws you.
You closely miss Natasha. You headbutt Natasha, but do no damage.
Natasha is lightly wounded.
Natasha casts a spell.
You barely miss Natasha.
Natasha is lightly wounded.
Natasha barely misses you.
You hit Natasha.
Natasha is moderately wounded.
You hit the crimson imp.
Natasha zaps a wand.
The puff of flame hits you!
* * * LOW HITPOINT WARNING * * *
The crimson imp barely misses you.
You hit Natasha.
Natasha is heavily wounded.
You hit the crimson imp. Natasha closely misses you. The crimson imp hits you.
* * * LOW HITPOINT WARNING * * *
You hit Natasha but do no damage.
Natasha is heavily wounded.
You closely miss the crimson imp. Natasha claws you!
You die...

##. ### .# .> ..# .#
#.##.# ##. ..#.# #..
#.#.########## #.#
.###<#..........# #.#
.............##.# #!#
.###.#.##.#..##5#####.#
#.......†...h@.....#
###.##.#..##.#######
#......##### #....###
######


You could see Natasha and a crimson imp (summoned).

Vanquished Creatures
  Natasha (D:2)
  A gnoll (D:1)
  2 bats (D:1)
  4 endoplasms (D:1)
  2 giant cockroaches (D:1)
  A quokka (D:2)
  A ball python (D:1)
  3 frilled lizards (D:1)
  2 rats (D:1)
17 creatures vanquished.

Notes
Turn   | Place    | Note
-------+----------+-------------------------------------------
     0 | D:1      | Wiggles the Minotaur Berserker began the quest for the Orb.
     0 | D:1      | Reached XP level 1. HP: 19/19 MP: 0/0
   134 | D:1      | Reached skill level 4 in Axes
   289 | D:1      | Reached XP level 2. HP: 25/26 MP: 1/1
   606 | D:1      | Reached skill level 5 in Axes
   928 | D:2      | Noticed Natasha
   937 | D:2      | Noticed a crimson imp
   942 | D:2      | Killed Natasha
   943 | D:2      | Reached XP level 3. HP: 7/31 MP: 2/2
  1058 | D:2      | Noticed Natasha
  1074 | D:2      | Slain by Natasha

Illustrated notes

Levels and vault maps discovered:
D:1:      zelgadis_glass_arrival_small, layout_basic
D:2:      layout_loops_cross, hellmonk_ecumenical_altar_zigzags, uniq_natasha

Skill      XL: |  1  2 |
---------------+-------+-----
Axes           | 4 5 |  5.5
Fighting       | |  3.6
Armour         | |  2.4
Dodging        | |  2.1
Stealth        | |  0.3

Action                   || total
-------------------------++-------
Melee: Hand axe          ||    42
       Headbutt          ||     4
Invok: Berserk           ||     1
 Stab: Sleeping          ||     2
Armor: Animal skin       ||     3
Dodge: Dodged            ||    21
